 Dungeon Crawl Stone Soup version 0.30-a0-137-gd8773701ce (webtiles) character file.

Game seed: 10449350398999734233

116 ytrimaz the Changer (level 5, -6/33 HPs)
             Began as an Octopode Transmuter on Sept 21, 2022.
             Killed from afar by an orc wizard (13 damage)
             ... with a puff of flame
             ... on level 3 of the Dungeon.
             The game lasted 00:02:45 (2661 turns).

ytrimaz the Changer (Octopode Transmuter)           Turns: 2661, Time: 00:02:46

Health: -6/33      AC:  1    Str:  7 (9)  XL:     5   Next: 0%
Magic:  7/9        EV: 13    Int: 16 (17) God:
Gold:   149        SH:  0    Dex: 12 (13) Spells: 4/10 levels left

rFire   . . .      SeeInvis .      - Unarmed
rCold   . . .      Faith    .    (no shield)
rNeg    . . .      Spirit   .    (helmet restricted)
rPois   .          Reflect  .    (no amulet)
rElec   .          Harm     .    (no ring)
rCorr   .          Rampage  .    (no ring)
Will    .....                    (no ring)
Stlth   ++........               (no ring)
HPRegen 0.11/turn                (no ring)
MPRegen 0.11/turn                (no ring)
                                 (no ring)
                                 (no ring)

@: wereblooded, hasted, invisible, very quick
A: almost no armour, amphibious, 8 rings, camouflage 1, gelatinous body 1,
(nimble swimmer 1), tentacles
a: no special abilities


You were on level 3 of the Dungeon.
You visited 1 branch of the dungeon, and saw 3 of its levels.

You collected 149 gold pieces.


Innate Abilities, Weirdness & Mutations

You cannot wear most types of armour.
You are amphibious.
You can wear up to eight rings at the same time.
Your skin changes colour to match your surroundings (Stealth+).
Your rubbery body absorbs attacks. (AC +1, EV +1)
((You are camouflaged when in or above water. (Stealth+)))
You have tentacles for arms and can constrict up to eight enemies at once.


   Skills:
 - Level 1.0 Fighting
 - Level 2.0 Dodging
 - Level 3.0 Unarmed Combat
 + Level 3.1 Spellcasting
 + Level 3.2 Transmutations
 + Level 2.8 Poison Magic


You had 4 spell levels left.
You knew the following spells:

 Your Spells              Type           Power      Damage    Failure   Level
a - Beastly Appendage     Tmut           24%        N/A       4%          1
b - Wereblood             Tmut           12%        N/A       8%          2
c - Spider Form           Tmut/Pois      12%        N/A       16%         3

Your spell library contained the following spells:

 Spells                   Type           Power      Damage    Failure   Level
 Passwall                 Tmut/Erth      5%         N/A       14%         2
 Freeze                   Ice            8%         1d3       19%         1
 Ensorcelled Hibernation  Hex/Ice        4%         N/A       28%         2
 Frozen Ramparts          Ice            4%         1d1       50%         3
 Swiftness                Air            2%         N/A       50%         3
 Ice Form                 Ice/Tmut       7%         N/A       67%         4
 Hailstorm                Conj/Ice       2%         3d3       88%         4

Inventory:

Scrolls
 c - a scroll of amnesia
 f - 2 scrolls of fog

Dungeon Overview and Level Annotations

Branches:
Dungeon (3/15) Zot: 15354

Altars:

.# #.. .###.≈≈ ####.#
....... ....# ####.##
...# ## .###. #..#
.###.#... #..#
...>...# #..##
.......# #.{.##
.......# ##.g@.##
.......# ##.ow#..#
.......#####)..###..#
........#≈≈≈≈~o# #..#
........####)..##
#...
................#
.....
................#
....
...#.#####......#...
... (.#...
#...).....K .[.


You could see a worm (unable to see you), 2 orcs and a hobgoblin (unable to see
you).


Message History

You tentacle-slap the orc, but do no damage.
You constrict the orc, but do no damage.
The orc wizard casts a spell.
The orc wizard flickers and vanishes!
Deactivating autopickup; reactivate with Ctrl-A.
Unknown command.
You tentacle-slap the orc but do no damage.
You constrict the orc, but do no damage.
The orc throws a stone.
The orc closely misses you. Something hits you. 😮 HP[-3]
You take 3 damage, and now have 16/28 hp.
Unknown command.
You tentacle-slap the orc but do no damage.
You constrict the orc, but do no damage.
The orc misses you.
Unknown command.
You tentacle-slap the orc but do no damage.
You constrict the orc, but do no damage.
Something hits you.
* * * LOW HITPOINT WARNING * * *
😨 HP[-3]
You take 3 damage, and now have 13/28 hp.
You tentacle-slap the orc.
You kill the orc!
Unknown command.
The endoplasm hits you.
* * * LOW HITPOINT WARNING * * *
The hobgoblin splashes around in the water.
Things that are here:
a +0 mace; a +0 chain mail; an orc corpse 😨 HP[-2]
You take 2 damage, and now have 11/28 hp.
Unknown command.
The endoplasm closely misses you.
You are too injured to fight recklessly!
You are too injured to fight recklessly!
Casting: Spider Form (quite dangerous; 16% risk of failure)
Confirm with . or Enter, or press ? or * to list all spells.
Your blood is infused with primal strength. 😨 MP[-2]
You lost 2 mp, and now have 6/8 mp.
Unknown command.
You tentacle-slap the endoplasm. The endoplasm hits you.
* * * LOW HITPOINT WARNING * * *
😨 HP[-3]
You take 3 damage, and now have 8/28 hp.
You are too injured to fight recklessly!
You tentacle-slap the endoplasm. The endoplasm completely misses you.
Unknown command.
You are too injured to fight recklessly!
You tentacle-slap the endoplasm.
You feel a bit better.
You kill the endoplasm! 😨 HP[+1]
You are too injured to fight recklessly!
You are too injured to fight recklessly!
You howl as the wereblood boils in your veins!
Something hits you.
* * * LOW HITPOINT WARNING * * *
The hobgoblin closely misses you. 😱 HP[-3]
You take 3 damage, and now have 6/28 hp.
You are too injured to fight recklessly!
You tentacle-slap the hobgoblin. Your grab misses the hobgoblin.
Your squeeze misses the hobgoblin. Something hits you.
* * * LOW HITPOINT WARNING * * *
😱 HP[-1]
You take 1 damage, and now have 5/28 hp.
You tentacle-slap the hobgoblin.
You feel a bit better.
You kill the hobgoblin!
You have reached level 5!
You feel agile. 😱 HP[+3]
You now have 33 max hp (+5).
You regained 3 hp, and now have 8/33 hp.
You howl as the wereblood boils in your veins!
You aren't carrying any potions.
Unknown command.
You barely miss the ball python. Your grab misses the ball python.
The ball python closely misses you. The worm misses you.
Unknown command.
You tentacle-slap the ball python.
You feel a bit better.
You kill the ball python! 😨 HP[+2]
You regained 2 hp, and now have 10/33 hp.
You tentacle-slap the worm but do no damage.
You grab the worm. You squeeze the worm! You constrict the worm.
Something hits you.
* * * LOW HITPOINT WARNING * * *
The hobgoblin barely misses you. 😱 HP[-3]
You take 3 damage, and now have 7/33 hp.
You tentacle-slap the worm but do no damage.
You squeeze the worm.
You howl as the wereblood boils in your veins!
You constrict the worm, but do no damage.
The worm completely misses you.
You hear some strange, mumbled words.
A puff of flame appears from out of thin air!
The puff of flame hits you!
You die...

Skill      XL: |  1  2  3  4 |
---------------+-------------+-----
Poison Magic   | 1 2 |  2.8
Transmutations | 3 |  3.2
Spellcasting   | 3 |  3.1
Fighting       | |  1.0
Dodging        | |  2.0
Unarmed Combat | |  3.0

Action                   |  1- 3 |  4- 6 || total
-------------------------+-------+-------++-------
Melee: Unarmed           |    51 |    59 ||   110
       Constrict         |    12 |    14 ||    26
       Tentacles         |    11 |    13 ||    24
       Punch             |     1 |     1 ||     2
       Kick              |     6 |       ||     6
 Cast: Wereblood         |     1 |     1 ||     2
       Beastly Appendage |     4 |     2 ||     6
       Spider Form       |       |     1 ||     1
  Use: Scroll            |     3 |     2 ||     5
       Potion            |     1 |     5 ||     6
 Stab: Sleeping          |     4 |       ||     4
Armor: Skin              |     9 |     4 ||    13
Dodge: Dodged            |    41 |    57 ||    98

Levels and vault maps discovered:
D:1:      scummos_arrival_simple_crosswalls, layout_basic
D:2:      layout_rooms, hangedman_decor_opposing, uniq_jessica
D:3:      cheibrodos_old_hovel, layout_basic, lemuel_blue_sif_altar,
          serial_shops, nicolae_shop_waterfront,
          hellmonk_ecumenical_altar_pennies_from_heaven, serial_rivers,
          chequers_serial_rivers_small_3, chequers_serial_rivers_room_b,
          chequers_serial_rivers_marsh, chequers_serial_rivers_micro_b,
          minmay_parallelograms, uniq_natasha

Notes
Turn   | Place    | Note
-------+----------+-------------------------------------------
     0 | D:1      | ytrimaz the Octopode Transmuter began the quest for the
                  | Orb.
     0 | D:1      | Reached XP level 1. HP: 13/13 MP: 3/3
     0 | D:1      | magus.rc [v1.9.6]
   164 | D:1      | You pick up a book of Frost and begin reading...
   164 | D:1      | You add the spells Freeze, Frozen Ramparts and Hailstorm to
                  | your library.
   545 | D:1      | Reached XP level 2. HP: 16/18 MP: 5/5
   682 | D:1      | Reached skill level 1 in Poison Magic
  1197 | D:2      | Noticed Jessica
  1204 | D:2      | Learned a level 2 spell: Wereblood
  1216 | D:2      | HP: 3/18 [hobgoblin (4)]
  1230 | D:2      | Reached XP level 3. HP: 14/23 MP: 4/6
  1234 | D:2      | Learned a level 3 spell: Spider Form
  1643 | D:2      | Killed Jessica
  1644 | D:2      | Reached skill level 2 in Poison Magic
  1644 | D:2      | Reached XP level 4. HP: 28/28 MP: 6/8
  1803 | D:2      | You fall into a shaft and drop 1 floor!
  1818 | D:3      | Reached skill level 3 in Transmutations
  1856 | D:3      | HP: 4/28 [orc/+0 flail (5)]
  1864 | D:3      | Reached skill level 3 in Spellcasting
  2282 | D:2      | You pick up a book of Burglary and begin reading...
  2282 | D:2      | You add the spells Passwall, Ensorcelled Hibernation and
                  | Swiftness to your library.
  2565 | D:3      | Identified the +0 robe of Daisies {rElec Stlth+}
  2626 | D:3      | HP: 5/28 [orc wizard/puff of flame (14)]
  2652 | D:3      | HP: 6/28 [something (3)]
  2655 | D:3      | Reached XP level 5. HP: 8/33 MP: 6/9
  2660 | D:3      | HP: 7/33 [something (3)]
  2661 | D:3      | Killed from afar by an orc wizard

Vanquished Creatures
  Jessica (D:2)
  An orc wizard (D:3)
  4 worms
  A dart slug (D:2)
  6 orcs (D:3)
  4 bats (D:2)
  2 endoplasms
  A giant cockroach (D:1)
  7 hobgoblins
  3 jackals (D:1)
  2 kobolds (D:2)
  2 quokkas (D:1)
  5 ball pythons
  2 goblins
  2 rats
43 creatures vanquished.

Vanquished Creatures (others)
  4 plants (D:3)
4 creatures vanquished.

Grand Total: 47 creatures vanquished

Table legend:
 A = Non-vault XP
 B = Vault XP
 C = Vault XP percentage of total XP
 D = Non-vault monster count
 E = Vault monster count
 F = Vault count percentage of total count
                 A         B        C        D         E       F
            +---------+---------+-------+---------+---------+-------
      Total |     127 |      39 |  23.5 |      41 |       2 |   4.7
            +---------+---------+-------+---------+---------+-------
        D:1 |      17 |       0 |   0.0 |      10 |       0 |   0.0
        D:2 |      47 |      37 |  44.0 |      20 |       1 |   4.8
        D:3 |      63 |       2 |   3.1 |      11 |       1 |   8.3
            +---------+---------+-------+---------+---------+-------

Illustrated notes

Table legend:
 A = Kills in this place as a percentage of kills in entire the game.
 B = Kills by you in this place as a percentage of kills by you in the entire game.
 C = Kills by friends in this place as a percentage of kills by friends in the entire game.
 D = Other kills in this place as a percentage of other kills in the entire game.
 E = Experience gained in this place as a percentage of experience gained in the entire game.
 F = Experience gained in this place divided by the number of levels of this place that you have seen.
                   A       B       C       D       E      F
               +-------+-------+-------+-------+-------+----------------------
         Total | 100.0 | 100.0 |   N/A |   N/A | 100.0 |  55.3
       Dungeon | 100.0 | 100.0 |   N/A |   N/A | 100.0 |  55.3
               +-------+-------+-------+-------+-------+----------------------

Table legend: (Time is in decaauts)
 A = Elapsed time spent in this place.
 B = Non-inter-level travel time spent in this place.
 C = Inter-level travel time spent in this place.
 D = Time resting spent in this place.
 E = Time spent auto-exploring this place.
 F = Levels seen in this place.
 G = Mean time per level.
                   A        B        C        D        E       F      G
               +--------+--------+--------+--------+--------+-----+--------+
         Total |   2645 |   2608 |     37 |      0 |   2241 |   3 |  881.7 |
       Dungeon |   2645 |   2608 |     37 |      0 |   2241 |   3 |  881.7 |
               +--------+--------+--------+--------+--------+-----+--------+

Top non-repeatable levels by time:
     D:1: 1061 daAuts
     D:2: 1017 daAuts
     D:3: 566 daAuts
